Map: Odyssey LE

Players

eXile - Winner!

  • Race: Zerg Zerg
  • League: Gold
  • Spawn Location: 5:00

critter

  • Race: Terran Terran
  • League: Gold
  • Spawn Location: 11:00

VOD

Have the link to the VOD?

Description

Time

  • Played on: May 16, 2017, 1:43 p.m.
  • Length: 14:19
Show
View Real Time Build Order
Export as new Build Order

eXile Zerg - Winner!

Build Orders: Hatch First, Muta Ling Bane 

Get SALT Encoding   

  12  0:02  Drone  
  13  0:13  Overlord  
  13  0:21  Drone  
  14  0:32  Drone x2  
  16  0:40  Drone  
  17  0:54  Hatchery  
  17  0:57  Drone  
  17  1:00  Extractor  
  17  1:02  Drone  
  17  1:12  Drone  
  18  1:20  Spawning Pool  
  17  1:26  Drone  
  18  1:40  Drone  
  18  1:41  Drone  
  20  1:51  Overlord  
  20  2:02  Drone  
  20  2:06  Metabolic Boost  
  20  2:08  Queen  
  23  2:10  Queen  
  25  2:24  Zergling x4, Drone  
  25  2:25  Zergling x2  
  29  2:35  Drone x2  
  31  2:46  Queen  
  31  2:47  Burrow  
  33  3:00  Drone x3  
  33  3:02  Overlord  
  36  3:09  Extractor  
  36  3:10  Drone  
  37  3:21  Queen  
  39  3:37  Overlord  
  39  3:38  Overlord  
  39  3:46  Drone x5  
  39  3:48  Overlord x2  
  44  3:57  Queen  
  46  4:03  Hatchery  
  45  4:14  Baneling Nest  
  44  4:32  Drone x3  
  44  4:35  Zergling x8  
  44  4:36  Zergling x10  
  56  4:47  Lair  
  56  4:51  Extractor  
  55  4:53  Extractor  
  55  4:54  Extractor  
  55  4:59  Overlord x2  
  53  5:05  Drone x6  
  59  5:18  Drone x2  
  59  5:19  Drone x2  
  63  5:26  Queen  
  65  5:40  Drone x11  
  65  5:42  Baneling x4  
  76  5:43  Baneling x7  
  76  5:44  Baneling x3  
  76  6:02  Zergling x8  
  76  6:03  Zergling x10  
  85  6:06  Centrifical Hooks  
  85  6:14  Spire  
  84  6:19  Overlord x2  
  84  6:20  Overlord  
  84  6:25  Drone x3  
  87  6:35  Infestation Pit  
  87  6:38  Drone x3  
  89  7:03  Zergling x6  
  89  7:04  Zergling x12  
  89  7:07  Evolution Chamber  
  89  7:08  Evolution Chamber  
  96  7:16  Pneumatized Carapace  
  96  7:23  Drone x2  
  96  7:24  Drone x6  
  96  7:26  Baneling x4  
  96  7:27  Baneling x2  
  104  7:31  Hatchery  
  103  7:39  Mutalisk  
  103  7:40  Mutalisk x4  
  103  7:42  Overlord x4  
  113  7:57  Hive  
  113  7:59  Zerg Flyer Armor Level 1  
  113  8:02  Zerg Melee Weapons Level 1  
  113  8:12  Extractor  
  112  8:13  Extractor  
  111  8:26  Overseer  
  111  8:27  Overseer  
  111  8:33  Zergling x12  
  117  8:37  Mutalisk  
  117  8:38  Mutalisk x2  
  123  8:56  Drone  
  123  8:57  Drone x12  
  136  9:06  Drone x3  
  139  9:10  Adrenal Glands  
  139  9:12  Hatchery  
  139  9:15  Ultralisk Cavern  
  137  9:34  Zergling x2  
  137  9:35  Zergling x16  
  137  9:36  Zergling x6, Overlord  
  137  9:37  Overlord x5  
  149  9:41  Mutalisk  
  151  9:51  Hatchery, Zerg Ground Armor Level 1  
  150  9:56  Drone  
  150  9:57  Drone x5  
  156  10:12  Ultralisk  
  156  10:13  Ultralisk x2  
  174  10:23  Baneling x2  
  174  10:24  Baneling x8  
  174  10:25  Baneling x3  
  174  10:31  Extractor  
  173  10:39  Queen  
  175  10:53  Zergling x26  
  175  10:54  Zergling x14  
  195  10:57  Queen  
  162  11:20  Zergling x10  
  162  11:21  Ultralisk x4  
  189  11:33  Baneling x7  
  189  11:34  Baneling x5  
  189  11:35  Zergling x2  
  189  11:36  Zergling x20  
  200  11:42  Zerg Melee Weapons Level 2  
  200  11:46  Chitinous Plating  
  200  11:54  Zerg Ground Armor Level 2  
  200  12:15  Zergling x12  
  196  12:26  Overlord x5  
  186  12:59  Zergling x24  
  186  13:00  Zergling x2  
  188  13:15  Zergling x4  
  188  13:16  Zergling x42  
  165  13:31  Zergling x2  
  165  13:32  Zergling x12  
Show
View Real Time Build Order
Export as new Build Order

critter Terran 

Build Orders: MMM Bio 

Get SALT Encoding   

  12  0:01  SCV  
  13  0:13  SCV  
  14  0:21  Supply Depot  
  14  0:26  SCV  
  15  0:43  SCV  
  15  0:46  Barracks  
  16  0:50  Refinery  
  16  0:55  SCV  
  17  0:57  Refinery  
  17  1:07  SCV  
  18  1:19  SCV  
  19  1:31  SCV  
  20  1:35  Barracks Tech Lab  
  20  1:36  Supply Depot  
  20  1:43  SCV  
  21  1:55  Marauder  
  21  1:58  SCV  
  21  2:00  Factory  
  24  2:10  SCV, Supply Depot  
  25  2:17  Marine  
  25  2:22  SCV  
  27  2:34  SCV  
  27  2:35  Marine  
  27  2:36  Engineering Bay  
  29  2:40  Combat Shields  
  29  2:44  Factory Tech Lab  
  29  2:51  Orbital Command  
  29  2:54  Marine  
  30  3:03  Supply Depot  
  30  3:10  Engineering Bay  
  30  3:13  Marine  
  31  3:30  Siege Tank  
  31  3:31  Marine  
  35  3:42  Missile Turret  
  35  3:49  Marine  
  35  3:53  Command Center  
  36  4:03  Siege Tank  
  36  4:06  Marine  
  40  4:24  Marine  
  41  4:32  Starport  
  41  4:42  Siege Tank, Marine  
  45  5:00  Marine  
  45  5:01  SCV  
  45  5:06  Barracks  
  47  5:13  SCV  
  47  5:14  Starport Reactor  
  48  5:17  Terran Infantry Armor Level 1  
  48  5:18  Terran Infantry Weapons Level 1  
  48  5:25  SCV  
  49  5:38  SCV  
  50  5:44  Marine  
  50  5:48  Armory  
  51  5:50  SCV  
  51  5:55  Refinery  
  52  5:57  SCV, Refinery  
  52  6:02  Marine  
  52  6:03  Medivac x2  
  58  6:09  SCV, Stimpack  
  58  6:11  Barracks Reactor  
  59  6:15  Supply Depot  
  59  6:20  Marine  
  59  6:21  SCV  
  59  6:25  SCV  
  62  6:37  SCV x2  
  62  6:38  Marine  
  65  6:49  SCV x2  
  65  6:50  Marine x2  
  69  6:56  Marine  
  69  7:00  Supply Depot  
  70  7:06  Supply Depot  
  70  7:09  SCV x2, Terran Vehicle Weapons Level 1, Siege Tank, Marine x2  
  70  7:13  Marine  
  79  7:23  Supply Depot  
  79  7:27  Marine x2  
  81  7:31  Marine  
  81  7:34  Orbital Command  
  81  7:42  Medivac x2  
  85  7:45  Marine x2  
  85  7:49  Marine  
  88  8:03  Terran Infantry Armor Level 2  
  88  8:04  Terran Infantry Weapons Level 2  
  88  8:07  Marine  
  89  8:16  Medivac x2  
  93  8:20  Marine  
  93  8:21  Marine  
  93  8:25  Marine  
  96  8:31  Supply Depot  
  96  8:38  Marine x2  
  98  8:42  Marine  
  98  8:46  Missile Turret  
  99  8:55  Supply Depot  
  99  8:56  Marine x2  
  99  9:00  Marine  
  102  9:14  Marine x2  
  102  9:15  Terran Vehicle And Ship Armor Level 1  
  104  9:18  Supply Depot, Marine  
  105  9:28  Siege Tank  
  108  9:32  Marine x2  
  108  9:36  Marine  
  111  9:41  Medivac  
  111  9:42  Supply Depot, Medivac  
  115  9:49  Marine  
  115  9:50  Marine  
  117  9:54  Marine  
  118  10:00  Thor  
  118  10:05  Supply Depot  
  124  10:07  Marine x2  
  124  10:12  Marine  
  127  10:25  Marine x2  
  129  10:43  Thor  
  135  10:55  Command Center  
  119  11:29  Marine x3  
  122  11:47  Marine x3  
  125  11:56  Thor  
  131  12:05  Marine x3  
  131  12:07  Supply Depot  
  112  12:22  Marine x2  
  111  12:23  Marine  
  114  12:30  Supply Depot  
  111  12:39  Thor  
  111  12:40  Marine x3  
  111  12:41  Missile Turret  
  115  12:52  Supply Depot  
  115  12:58  Marine x2  
  71  13:16  Marine x2  
  75  13:22  Thor  
  57  13:34  Marine  
  44  13:45  Marine  
Tags
 
League
GoldGold
Matchup
TvZ
Spawn Locations
Cross Positions
Add a new tag
Caveats
  • Supply blocks, unpowered buildings, or Contaminate may cause inaccurate times.
  • Supply counts are checked every 10 seconds.